Map: 하드와이어 - 래더

Players

Solar - Winner!

  • Race: Zerg Zerg
  • League: Master

Bunny

  • Race: Terran Terran

Event: DreamHack SC2 Masters Last Chance 2022

VOD

Have the link to the VOD?

Description

Time

  • Played on: Dec. 15, 2021, 7:15 a.m.
  • Length: 5:10

All games in this series

Show
View Real Time Build Order
Export as new Build Order

Solar Zerg - Winner!

Build Orders: Hatch First 

Get SALT Encoding   

  12  0:00  Drone  
  13  0:13  Overlord  
  13  0:16  Drone  
  14  0:31  Drone x2  
  16  0:47  Hatchery  
  15  0:50  Drone  
  15  0:53  Drone  
  17  0:57  Drone  
  18  1:09  Extractor  
  17  1:13  Spawning Pool  
  17  1:15  Drone  
  17  1:18  Drone  
  19  2:00  Zergling x8  
  23  2:02  Queen  
  23  2:03  Spine Crawler  
  23  2:07  Queen  
  26  2:10  Zergling x2  
  26  2:13  Spine Crawler  
  26  2:21  Zergling x2  
  21  2:30  Extractor  
  21  2:40  Drone x2  
  21  2:43  Drone  
  24  2:47  Drone  
  25  3:00  Queen  
  27  3:07  Overlord  
  27  3:12  Drone  
  28  3:19  Spine Crawler  
  27  3:24  Drone  
  28  3:29  Drone  
  29  3:36  Metabolic Boost  
  29  3:39  Drone  
  30  3:43  Drone  
  30  3:45  Zergling x2  
  32  3:50  Overlord  
  32  3:55  Drone  
  32  3:58  Drone  
  32  4:00  Drone  
  34  4:04  Drone  
  35  4:10  Zergling x4  
  35  4:12  Zergling x2  
  35  4:13  Zergling x2  
  39  4:17  Zergling x4  
  39  4:22  Zergling x2  
  41  4:25  Overlord  
  41  4:30  Zergling x2  
  42  4:32  Queen  
  44  4:45  Zergling x10  
  48  4:54  Drone  
  48  4:59  Hatchery  
Show
View Real Time Build Order
Export as new Build Order

Bunny Terran 

Build Orders:  

Get SALT Encoding   

  12  0:00  SCV  
  13  0:12  SCV  
  14  0:17  Supply Depot  
  14  0:24  SCV  
  15  0:38  SCV  
  15  0:40  Barracks  
  16  0:52  Barracks  
  16  1:03  Barracks  
  16  1:08  SCV  
  17  1:20  SCV  
  18  1:26  Marine  
  19  1:33  Supply Depot  
  19  1:35  Orbital Command  
  19  1:38  Marine  
  20  1:44  Marine  
  21  1:51  Marine  
  22  1:56  Marine  
  22  1:59  Bunker  
  23  2:03  Marine  
  24  2:09  Marine  
  24  2:14  Marine  
  27  2:15  SCV  
  27  2:21  Marine  
  28  2:26  Marine  
  28  2:27  SCV  
  24  2:32  Marine  
  23  2:39  Marine  
  23  2:44  Marine  
  23  2:46  SCV  
  23  2:49  Supply Depot  
  23  2:50  Marine  
  26  2:57  Marine  
  28  2:58  SCV  
  28  3:07  Marine  
  28  3:08  Marine  
  31  3:15  Marine  
  31  3:21  Command Center  
  31  3:24  SCV  
  32  3:27  Marine  
  32  3:30  Marine  
  32  3:33  Marine  
  35  3:37  Supply Depot  
  35  3:44  SCV  
  35  3:45  Marine  
  35  3:48  Marine  
  38  3:51  Marine  
  38  3:55  Refinery  
  39  3:58  Refinery  
  39  3:59  SCV  
  40  4:02  Marine  
  40  4:05  Supply Depot  
  40  4:06  Marine  
  42  4:11  SCV  
  42  4:13  Marine  
  44  4:20  Marine  
  44  4:23  Marine  
  41  4:25  SCV  
  41  4:31  Marine  
  36  4:37  Orbital Command  
  34  4:38  Marine  
  34  4:41  SCV, Marine  
  37  4:48  Marine  
  38  4:56  Factory  
  38  4:57  SCV  

Tags
 
Add a new tag
Caveats
  • Supply blocks, unpowered buildings, or Contaminate may cause inaccurate times.
  • Supply counts are checked every 10 seconds.